 Dungeon Crawl Stone Soup version 0.28-a0-390-gb254ac4902 (webtiles) character file.

Game seed: 8220173872621658592

576 ptdevnull the Ducker (level 7, -6/51 HPs)
             Began as a Djinni Fire Elementalist on Sept 4, 2021.
             Mangled by an ice beast (9 damage)
             ... on level 5 of the Dungeon.
             The game lasted 00:15:59 (4531 turns).

ptdevnull the Ducker (Djinni Fire Elementalist)     Turns: 4531, Time: 00:16:00

Health: -6/51      AC:  3    Str:  6 (7)  XL:     7   Next: 62%
Gold:   215        EV: 13    Int: 16 (19) God:
                   SH:  0    Dex: 12 (13)

rFire   + + .      SeeInvis .   o - +0 morningstar
rCold   x . .      Faith    .   (no shield)
rNeg    . . .      Spirit   .   a - +0 robe
rPois   ∞          Reflect  .   n - +0 helmet
rElec   .          Harm     .   (no cloak)
rCorr   .          Rampage  .   (no gloves)
Will    +....                   (boots unavailable)
Stlth   ++........              (no amulet)
HPRegen 0.17/turn               g - ring of wizardry
MPRegen 0.00/turn               k - ring of willpower

@: flying
A: sickness immunity, fire resistance 2, cold vulnerability 1, float, innate
caster, hp casting, extra vitality 1
a: no special abilities


You were on level 5 of the Dungeon.
You visited 1 branch of the dungeon, and saw 5 of its levels.

You collected 215 gold pieces.

Inventory:

Hand Weapons
 l - a +0 quarterstaff
 o - a +0 morningstar (weapon)
 p - a +0 whip
Missiles
 i - 5 boomerangs
 m - 13 poisoned darts
Armour
 a - a +0 robe (worn)
 n - a +0 helmet (worn)
Jewellery
 g - a ring of wizardry (left hand)
 k - a ring of willpower (right hand)
Scrolls
 d - a scroll of fear {unknown}
 h - 2 scrolls of enchant armour {unknown}
 j - 4 scrolls of identify {unknown}
 q - a scroll of magic mapping {unknown}
 s - 4 scrolls of amnesia {unknown}
Potions
 b - a potion of ambrosia
 f - a potion of magic {unknown}
 r - a potion of haste {unknown}


   Skills:
 + Level 3.9 Fighting
 + Level 2.3 Maces & Flails
 + Level 5.0 Dodging
 - Level 1.5 Stealth
 - Level 3.6 Spellcasting


You couldn't memorise any spells.
You knew the following spells:

 Your Spells              Type           Power      Damage    Failure   Level
a - Foxfire               Conj/Fire      56%        2x1d6     1%          1
b - Scorch                Fire           28%        2d6       2%          2
c - Conjure Flame         Conj/Fire      14%        6-21      4%          3
d - Inner Flame           Hex/Fire       14%        N/A       4%          3
e - Flame Wave            Conj/Fire      14%        3d5       16%         4
f - Apportation           Tloc           28%        N/A       1%          1
g - Wereblood             Tmut           14%        N/A       2%          2
h - Vampiric Draining     Necr           7%         2d7       4%          3
Your spell library was empty.

Dungeon Overview and Level Annotations

Branches:
Dungeon (5/15)
 Temple: D:4-7

Altars:

Shops:
D:5 =


Innate Abilities, Weirdness & Mutations

You are immune to sickness and miasma.
You are immune to poison.
Your flesh is very heat resistant. (rF++)
You are vulnerable to cold. (rC-)
You float through the air rather than walking.
You learn spells naturally, not from books.
Your magical power is your life essence.
You have superior vitality. (+4 HP)


Message History

The water moccasin bites you.
The water moccasin bites you but does no damage.
You hit the water moccasin.
The water moccasin is almost dead.
The water moccasin bites you. The water moccasin barely misses you.
Casting: Vampiric Draining (dangerous; 4% risk of failure)
Confirm with . or Enter, or press ? or * to list all spells.
Aiming: Vampiric Draining (dangerous; 4% risk of failure)
Press: ? - help, Shift-Dir - straight line, f - water moccasin
Aim: a water moccasin (almost dead)
You draw life force from the water moccasin!
You kill the water moccasin!
You feel life coursing into your body.
Your Dodging skill increases to level 5!
Casting: Vampiric Draining (dangerous; 4% risk of failure)
Confirm with . or Enter, or press ? or * to list all spells.
Flames lash the ice beast.
The ice beast melts!
The ice beast is heavily wounded.
The ice beast's fire resistance burns away.
You hear an angry hiss.
The ice beast hits you. The ice beast freezes you!
You feel a terrible chill!
* * * LOW HITPOINT WARNING * * *
An iguana comes into view.
Casting: Scorch (safe; 1% risk of failure)
Confirm with . or Enter, or press ? or * to list all spells.
Flames lash the ice beast.
The ice beast melts!
The ice beast is severely wounded.
* * * LOW HITPOINT WARNING * * *
The ice beast completely misses you.
Unknown command.
It was a potion of degeneration.
There was something very wrong with that liquid.
You feel weakened.
You feel dopey.
You feel clumsy.
The ice beast hits you but does no damage.
It was a potion of flight.
You feel more buoyant. The ice beast hits you.
* * * LOW HITPOINT WARNING * * *
The ice beast freezes you!
You feel a terrible chill!
You die...

#... .. #...... #.
.#. #...... #.....
##..... #..#.# ###
##...# #....# ... .
##.## #.###.# .#.#
#.# # #.l...##.#.#
#.## #.##††###....#
#... #....@.......#
##.. ####.Y###...#
#.# #........# #.#
#.#......# #.#
#.#.....#########.#
#.#................
#.#.....#########.#
#.#.....# #..
#.###..... ###


You could see an ice beast (inflammable) and an iguana.

Vanquished Creatures
  A water moccasin (D:5)
  2 black bears
  An orc priest (D:4)
  An iguana (D:4)
  4 orc wizards
  4 adders
  An adder skeleton (D:4)
  A worm (D:3)
  A dart slug (D:1)
  13 orcs
  5 ball pythons
  5 endoplasms
  4 giant cockroaches
  7 hobgoblins
  6 jackals (D:1)
  5 quokkas
  3 bats
  5 frilled lizards
  7 goblins
  2 kobolds (D:1)
  3 rats (D:1)
81 creatures vanquished.

Vanquished Creatures (others)
  184 foxfires
184 creatures vanquished.

Grand Total: 265 creatures vanquished

Notes
Turn   | Place    | Note
-------+----------+-------------------------------------------
     0 | D:1      | ptdevnull the Djinni Fire Elementalist began the quest for
                  | the Orb.
     0 | D:1      | Reached XP level 1. HP: 15/15 MP: 0/0
   245 | D:1      | Reached XP level 2. HP: 19/22 MP: 0/0
   446 | D:1      | Reached skill level 1 in Fighting
   997 | D:1      | Reached XP level 3. HP: 25/27 MP: 0/0
   997 | D:1      | Learned a level 1 spell: Apportation
  1706 | D:2      | Reached skill level 3 in Dodging
  1930 | D:2      | Reached XP level 4. HP: 30/32 MP: 0/0
  2497 | D:3      | Reached XP level 5. HP: 31/38 MP: 0/0
  2497 | D:3      | Learned a level 2 spell: Wereblood
  3569 | D:4      | Noticed a black bear
  3577 | D:4      | Killed a black bear
  3578 | D:4      | Reached skill level 1 in Maces & Flails
  3578 | D:4      | Reached skill level 4 in Dodging
  3578 | D:4      | Reached XP level 6. HP: 40/45 MP: 0/0
  3997 | D:5      | Entered Level 5 of the Dungeon
  4144 | D:4      | Reached XP level 7. HP: 23/50 MP: 0/0
  4144 | D:4      | Learned a level 3 spell: Vampiric Draining
  4359 | D:5      | Found Zesof's Jewellery Boutique.
  4513 | D:5      | Noticed a water moccasin
  4527 | D:5      | Killed a water moccasin
  4528 | D:5      | Reached skill level 5 in Dodging
  4531 | D:5      | Mangled by an ice beast

Illustrated notes

Levels and vault maps discovered:
D:1:      saegor_arrival_simple_c, layout_loops_ring
D:2:      layout_rooms
D:3:      layout_basic
D:4:      layout_cave_pools
D:5:      layout_loops_ring, grunt_temple_overflow_order_and_chaos_1,
          grunt_temple_overflow_octagram, minmay_temple_entry_enclosed_plants,
          serial_shops, shop

Skill      XL: |  1  2  3  4  5  6  7 |
---------------+----------------------+-----
Fighting       | 1 2 3 |  3.9
Dodging        | 3 4 5 |  5.0
Spellcasting   | 3 |  3.6
Maces & Flails | 1 2 |  2.3
Stealth        | |  1.5

Action                   |  1- 3 |  4- 6 |  7- 9 || total
-------------------------+-------+-------+-------++-------
Melee: Morningstar       |       |     7 |     3 ||    10
       Quarterstaff      |       |     3 |       ||     3
 Cast: Foxfire           |    66 |    63 |     3 ||   132
       Scorch            |     3 |    15 |     2 ||    20
       Conjure Flame     |     1 |       |       ||     1
       Inner Flame       |     1 |       |       ||     1
       Flame Wave        |       |     2 |     1 ||     3
       Vampiric Draining |       |       |     2 ||     2
  Use: Potion            |       |     1 |     2 ||     3
Armor: Robe              |     6 |     4 |     2 ||    12
Dodge: Dodged            |    18 |    23 |     8 ||    49

Table legend: (Time is in decaauts)
 A = Elapsed time spent in this place.
 B = Non-inter-level travel time spent in this place.
 C = Inter-level travel time spent in this place.
 D = Time resting spent in this place.
 E = Time spent auto-exploring this place.
 F = Levels seen in this place.
 G = Mean time per level.
                   A        B        C        D        E       F      G
               +--------+--------+--------+--------+--------+-----+--------+
         Total |   4535 |   4456 |     79 |    942 |   2921 |   5 |  907.0 |
       Dungeon |   4535 |   4456 |     79 |    942 |   2921 |   5 |  907.0 |
               +--------+--------+--------+--------+--------+-----+--------+

Top non-repeatable levels by time:
     D:1: 1642 daAuts
     D:4: 1152 daAuts
     D:3: 788 daAuts
     D:2: 716 daAuts
     D:5: 236 daAuts
